 Dungeon Crawl Stone Soup version 0.16.0-11-gd45b091 (webtiles) character file.

5807 timbw the Grappler (level 10, -4/87 (88) HPs)
             Began as a Ghoul Wizard on Mar 18, 2015.
             Slain by a blink frog (16 damage)
             ... on level 1 of the Lair of Beasts.
             The game lasted 00:26:38 (6908 turns).

timbw the Grappler (Ghoul Wizard)                   Turns: 6908, Time: 00:26:38

HP:   -4/87 (88)    AC:  4    Str: 12    XL:     10   Next: 79%
MP:   14/14         EV: 13    Int: 13    God:
Gold: 464           SH:  0    Dex: 10    Spells: 5 memorised, 3 levels left

rFire  . . .     SeeInvis .       - Unarmed
rCold  + . .     Clarity  .     j - +0 leather armour
rNeg   + + +     SustAb   .     (no shield)
rPois  ∞         Gourm    .     d - +0 helmet
rElec  .         Spirit   .     (no cloak)
rCorr  .         Warding  .     (no gloves)
rMut   .         Stasis   .     (no boots)
MR     +....                    (no amulet)
Stlth  ++........               G - ring of positive energy
                                r - ring of protection from magic

@: about to teleport, rotting, somewhat resistant to hostile enchantments,
unstealthy
A: rotting body, claws 1, carnivore 3, cold resistance 1, negative energy
resistance 3, poison resistance, slow healing 1, torment resistance, unbreathing
a: no special abilities


You were on level 1 of the Lair of Beasts.
You were not hungry.

You visited 3 branches of the dungeon, and saw 12 of its levels.
You also visited: Ossuary and Bailey.

You collected 464 gold pieces.

Inventory:

Hand weapons
 f - a +0 hunting sling
 Q - a +1 blowgun
Missiles
 g - 26 stones (quivered)
 l - 8 tomahawks
 y - 2 throwing nets
 R - 8 poisoned needles
Armour
 a - a +0 robe
 b - a cursed +0 hat
 d - a +0 helmet (worn)
 j - a +0 leather armour (worn)
 n - a steam dragon hide
 P - a +0 buckler
Jewellery
 r - a ring of protection from magic (left claw)
 G - a ring of positive energy (right claw)
Magical devices
 x - a wand of magic darts (0)
Scrolls
 p - a scroll of amnesia
 t - a scroll of enchant weapon
 v - 2 scrolls of magic mapping
 A - a scroll of immolation
 J - a scroll of identify
 K - a scroll of noise {unknown}
 M - a scroll of brand weapon {unknown}
Potions
 e - a potion of flight
 i - a potion of berserk rage
 k - a potion of brilliance
 o - 3 potions of curing
 q - a potion of poison
 u - a potion of haste
 w - a potion of agility
 z - 2 potions of mutation
 B - a potion of invisibility {unknown}
 C - a potion of restore abilities {unknown}
 E - 2 potions of resistance {unknown}
 H - a potion of degeneration {unknown}
 L - a potion of lignification {unknown}
 N - a potion of magic {unknown}
Books
 c - a book of Minor Magic

   Spells                             Type                      Level
   a - Magic Dart                     Conjuration                  1
   b - Blink                          Translocation                2
   c - Call Imp                       Summoning                    2
   d - Repel Missiles                 Charms/Air                   2
   e - Slow                           Hexes                        2
   f - Conjure Flame                  Conjuration/Fire             3
   g - Mephitic Cloud                 Conjuration/Poison/Air       3
 S - a book of Geomancy

   Spells                             Type                      Level
   a - Sandblast                      Earth                        1
   b - Stoneskin                      Transmutation/Earth          2
   c - Passwall                       Transmutation/Earth          3
   d - Stone Arrow                    Conjuration/Earth            3
   e - Petrify                        Transmutation/Earth          4
   f - Lee's Rapid Deconstruction     Earth                        5
 T - a book of Party Tricks

   Spells                             Type                      Level
   a - Summon Butterflies             Summoning                    1
   b - Apportation                    Translocation                1
   c - Tukima's Dance                 Hexes                        3
   d - Alistair's Intoxication        Transmutation/Poison         4
   e - Invisibility                   Hexes                        6
Comestibles
 h - 4 meat rations
 D - 3 slices of pizza
 F - 2 beef jerkies
 I - 2 royal jellies


   Skills:
 + Level 8.2 Fighting
 + Level 4.8 Dodging
 - Level 2.1 Stealth
 * Level 13.5 Unarmed Combat
 + Level 2.7 Spellcasting
 + Level 0.8 Conjurations
   Level 0.8 Summonings
 + Level 0.8 Translocations


You had 3 spell levels left.
You knew the following spells:

 Your Spells              Type           Power        Failure   Level  Hunger
a - Magic Dart            Conj           #...         21%         1    #......
b - Blink                 Tloc           N/A          34%         2    ###....
c - Repel Missiles        Chrm/Air       #.....       50%         2    ###....
d - Conjure Flame         Conj/Fire      #.......     78%         3    ###....
e - Mephitic Cloud        Conj/Pois/Air  #.......     87%         3    ###....


Dungeon Overview and Level Annotations

Branches:
Dungeon (10/15)            Temple (1/1) D:6            Lair (1/8) D:9
    Orc: D:9-12

Altars:
Ashenzari
Cheibriados
Dithmenos
Elyvilon
Gozag
Kikubaaqudgha
Makhleb
Nemelex Xobeh
Okawaru
Qazlal
Ru
Sif Muna
Vehumet
Xom
Yredelemnul
Zin
The Shining One


Innate Abilities, Weirdness & Mutations

Your body is rotting away.
You thrive on raw meat.
You have sharp fingernails.
You are carnivorous and can eat meat at any time.
Your flesh is cold resistant.
You are immune to negative energy.
Your system is resistant to poisons.
You heal slowly when monsters are visible.
You are immune to unholy pain and torment.
You can survive without breathing.


Message History

The giant frog hits you.
* * * LOW HITPOINT WARNING * * *
Your surroundings suddenly seem different.
Eat which item? (? for menu, Esc to quit)
Okay, then.
You start resting.
You hear a distant blaring wail to the northeast.
A blink frog comes into view.
The blink frog croaks.
The blink frog blinks!
A quokka and a blink frog come into view.
Read which item? (? for menu, Esc to quit)
As you read the scroll of teleportation, it crumbles to dust.
You feel strangely unstable.
The blink frog gives a loud, deep croak!
The quokka moves out of view.
The blink frog blinks!
A blink frog comes into view.
The blink frog closely misses you.
The blink frog moves out of view.
The blink frog hits you!
You die...

...
....
....
...##
#..P#
#...
#..#
#..#
#@.##
#.F.#
#..##
##..#
#...#
##..#
#..#
....
.r..##


You could see a blink frog and a quokka (wandering).

Vanquished Creatures
  A hydra (Lair:1)
  A komodo dragon (D:9)
  A wyvern (D:7)
  Eustachio (D:5)
  3 humans (D:7)
  3 yaks (D:9)
  A steam dragon (D:10)
  A hippogriff (D:7)
  2 water moccasins (Lair:1)
  A porcupine (Lair:1)
  3 phantoms
  6 orc warriors (Bailey)
  A crocodile (Lair:1)
  3 ogres
  A sky beast (D:6)
  A big kobold (D:9)
  3 centaurs
  4 giant frogs
  4 scorpions
  5 wights (D:8)
  4 orc priests
  2 crimson imps
  A gnoll shaman (D:6)
  3 hounds
  5 iguanas (D:9)
  3 orc wizards (D:6)
  A worker ant (D:6)
  2 big kobold zombies (Ossuary)
  A hound zombie (D:6)
  A worker ant zombie (D:7)
  2 mummies
  A hound skeleton (D:6)
  6 gnolls
  5 adders
  3 worms
  4 shadow imps
  3 adder skeletons
  4 giant geckos
  17 orcs
  A spectral bat (Ossuary)
  3 ball pythons
  14 bats
  A bat skeleton (D:7)
  2 bat zombies
  8 giant cockroaches
  15 goblins
  11 hobgoblins
  12 kobolds
  4 quokkas
  2 bat simulacra (Ossuary)
  6 giant newts
  10 gnoll zombies (Ossuary)
  4 goblin simulacra (Ossuary)
  5 goblin zombies (Ossuary)
  3 hobgoblin zombies (Ossuary)
  16 jackals
  3 kobold simulacra (Ossuary)
  6 kobold zombies (Ossuary)
  3 orc zombies (Ossuary)
  14 rats
  4 rat simulacra (Ossuary)
  4 spectral goblins (Ossuary)
  5 spectral kobolds (Ossuary)
  4 spectral rats (Ossuary)
  A ballistomycete (D:9)
275 creatures vanquished.

Vanquished Creatures (others)
  A worker ant zombie (D:6)
  An adder skeleton (D:6)
  A giant spore (D:9)
  A kobold zombie (Ossuary)
4 creatures vanquished.

Grand Total: 279 creatures vanquished

Notes
Turn   | Place    | Note
--------------------------------------------------------------
     0 | D:1      | timbw, the Ghoul Wizard, began the quest for the Orb.
     0 | D:1      | Reached XP level 1. HP: 14/14 MP: 3/3
   139 | D:1      | Reached skill level 1 in Unarmed Combat
   273 | D:1      | Reached XP level 2. HP: 17/20 MP: 3/5
   726 | D:1      | Reached XP level 3. HP: 22/26 MP: 6/6
   791 | D:2      | Reached skill level 3 in Unarmed Combat
  1046 | D:2      | Reached XP level 4. HP: 22/33 MP: 7/7
  1169 | D:2      | Reached skill level 4 in Unarmed Combat
  1525 | D:3      | Found a shadowy altar of Dithmenos.
  1644 | D:3      | Found a shattered altar of Ashenzari.
  1767 | D:3      | Reached XP level 5. HP: 38/38 MP: 8/8
  1817 | D:4      | Noticed an ogre
  1872 | D:4      | Noticed a phantom
  1886 | D:3      | Reached skill level 5 in Unarmed Combat
  1969 | D:3      | Killed a phantom
  1969 | D:3      | Reached skill level 6 in Unarmed Combat
  1969 | D:3      | Reached XP level 6. HP: 28/45 MP: 10/10
  2130 | D:5      | Entered Level 5 of the Dungeon
  2148 | D:5      | Noticed Eustachio
  2165 | D:5      | Killed Eustachio
  2165 | D:5      | Reached skill level 7 in Unarmed Combat
  2397 | D:5      | Found an iron altar of Okawaru.
  2509 | D:4      | Killed an ogre
  2509 | D:4      | Reached skill level 1 in Fighting
  2509 | D:4      | Reached XP level 7. HP: 45/52 MP: 11/11
  2709 | D:5      | Found a burning altar of Makhleb.
  2971 | D:6      | Reached skill level 8 in Unarmed Combat
  3324 | D:6      | Reached XP level 8. HP: 42/63 MP: 12/12
  3483 | D:6      | Found a radiant altar of Vehumet.
  3599 | D:6      | Reached skill level 9 in Unarmed Combat
  3637 | D:6      | Found a staircase to the Ecumenical Temple.
  3731 | Temple   | Entered the Ecumenical Temple
  4066 | D:7      | Noticed a human
  4066 | D:7      | Noticed a human
  4067 | D:7      | Noticed a human
  4082 | D:7      | Killed a human
  4082 | D:7      | Reached skill level 5 in Fighting
  4082 | D:7      | Reached skill level 10 in Unarmed Combat
  4087 | D:7      | Killed a human
  4095 | D:7      | Killed a human
  4095 | D:7      | Reached XP level 9. HP: 40/73 MP: 14/14
  4237 | D:7      | Found a sacrificial altar of Ru.
  4509 | D:7      | Noticed a wyvern
  4520 | D:7      | Killed a wyvern
  4520 | D:7      | Reached skill level 11 in Unarmed Combat
  4780 | D:8      | Found a shimmering altar of Xom.
  4938 | D:8      | Found a sand-covered staircase.
  4947 | Ossuary  | Entered an ossuary
  5613 | D:8      | Reached skill level 12 in Unarmed Combat
  5654 | D:8      | Learned a level 2 spell: Blink
  5657 | D:8      | Learned a level 2 spell: Repel Missiles
  5662 | D:8      | Learned a level 3 spell: Conjure Flame
  5834 | D:9      | Found a flagged portal.
  5842 | Bailey   | Entered a bailey
  5853 | Bailey   | Learned a level 3 spell: Mephitic Cloud
  5982 | Bailey   | Reached XP level 10. HP: 76/86 MP: 8/14
  6058 | D:10     | Entered Level 10 of the Dungeon
  6239 | D:9      | Noticed a komodo dragon
  6250 | D:9      | Killed a komodo dragon
  6390 | D:10     | Reached skill level 13 in Unarmed Combat
  6702 | D:9      | Found a staircase to the Lair.
  6750 | Lair:1   | Entered Level 1 of the Lair of Beasts
  6801 | Lair:1   | Noticed a five-headed hydra
  6810 | Lair:1   | Killed a five-headed hydra
  6865 | Lair:1   | Noticed a four-headed hydra
  6869 | Lair:1   | Noticed a black mamba
  6908 | Lair:1   | Slain by a blink frog

Action                   |  1- 3 |  4- 6 |  7- 9 | 10-12 || total
-------------------------+-------+-------+-------+-------++-------
Melee: Unarmed           |   106 |   158 |   367 |    47 ||   678
 Fire: Blowgun           |       |       |       |     7 ||     7
 Cast: Magic Dart        |    16 |       |     2 |       ||    18
       Mephitic Cloud    |       |       |     1 |     2 ||     3
       Repel Missiles    |       |       |     1 |       ||     1
       Conjure Flame     |       |       |       |     3 ||     3
       Blink             |       |       |       |     1 ||     1
Evoke: Wand              |       |     4 |     4 |       ||     8
  Use: Scroll            |       |     4 |    12 |     3 ||    19
       Potion            |       |     1 |     1 |     3 ||     5
 Stab: Sleeping          |       |       |     3 |       ||     3
       Distracted        |       |       |     1 |       ||     1
       Invisible         |       |       |     1 |       ||     1
       Held in net/web   |       |       |     1 |       ||     1
  Eat: Chunk             |     8 |    16 |    20 |     9 ||    53
